 Dungeon Crawl Stone Soup version 0.14-a0-155-gd989017 (webtiles) character file.

174 Malachi the Sneak (level 3, -2/26 HPs)
             Began as a Vampire Assassin on Oct 4, 2013.
             Slain by Sigmund
             ... wielding a +2,+0 scythe of venom
              (7 damage)
             ... on Level 2 of the Dungeon.
             The game lasted 00:02:26 (1842 turns).

Malachi the Sneak (Vampire Assassin)                Turns: 1842, Time: 00:02:26

HP  -2/26        AC  3     Str 10      XL: 3   Next: 25%
MP   3/3         EV 12     Int 14      God:
Gold 136         SH  0     Dex 15      Spells:  0 memorised,  2 levels left

Res.Fire  : . . .   See Invis. : +   b - +0 blowgun
Res.Cold  : . . .   Warding    : .   c - +0 robe
Life Prot.: . . .   Conserve   : .   (no shield)
Res.Poison: .       Res.Corr.  : .   (no helmet)
Res.Elec. : .       Clarity    : .   d - +0 cloak
Sust.Abil.: . .     Spirit.Shd : .   (no gloves)
Res.Mut.  : .       Stasis     : .   (no boots)
Res.Rott. : .       Flight     : .   (no amulet)
Saprovore : . . .                    (no ring)
                                     (no ring)

@: regenerating quickly, quite poisoned, slightly resistant to hostile
enchantments, very stealthy
A: fangs 3, see invisible, unbreathing
a: no special abilities


You were on level 2 of the Dungeon.
You were full.

You visited 1 branch of the dungeon, and saw 2 of its levels.

You collected 86 gold pieces.

Inventory:

Hand weapons
 a - a +2,+2 dagger
 b - a +0 blowgun (weapon)
Missiles
 e - 4 poisoned needles (quivered)
 f - 2 curare-tipped needles
 j - 3 silver darts
Armour
 c - a +0 robe (worn)
 d - a +0 cloak (worn)
Scrolls
 k - a scroll of blinking
 m - a scroll of remove curse {unknown}
Jewellery
 l - an uncursed ring of wizardry
 p - an uncursed amulet of faith
 q - a cursed -3 ring of evasion
Potions
 g - a potion of blood
 h - 2 potions of curing {unknown}
 i - a potion of invisibility {unknown}
 n - a potion of heal wounds {unknown}


   Skills:
 + Level 2.0 Fighting
 * Level 2.4 Short Blades
 + Level 1.7 Throwing
 + Level 1.8 Dodging
 + Level 6.8 Stealth


You had 2 spell levels left.
You didn't know any spells.

Dungeon Overview and Level Annotations

Branches:
Dungeon (2/27)

Altars:

Annotations:
D:2 Sigmund


Innate Abilities, Weirdness & Mutations

Your natural rate of healing is unusually fast.
You have razor-sharp teeth.*
You have supernaturally acute eyesight.
You can survive without breathing.*


Message History

Sigmund completely misses you.
Sigmund hits you from afar with a glowing scythe!
You are poisoned.
* * * LOW HITPOINT WARNING * * *
You feel sick. Sigmund barely misses you.
You feel less confused.
Firing (i - inventory. (,) - cycle):
e - 5 poisoned needles (quivered)
Press: ? - help, Shift-Dir - straight line, f/p - Sigmund
Aim: Sigmund, wielding a scythe of venom and wearing a robe (lightly wounded, slightly transparent)
You shoot a poisoned needle. The poisoned needle hits Sigmund.
Sigmund is poisoned.
Sigmund is lightly wounded.
Sigmund hits you from afar with a scythe of venom.
* * * LOW HITPOINT WARNING * * *
You are more poisoned.
There is an open door here.
* * * LOW HITPOINT WARNING * * *
You feel sick.
Sigmund hits you from afar with a scythe of venom!
You die...

#######'#### ##
##.....# # #..##### ..
###'####### ####.##
#..........# ##
......l# #..........
... ........#
#.......... #...
.......!####..........
+...
........##.'@........
#...
#........##@#.........
#...
#........##.#........
#...
#.(...(.(.(.#........
#...
#..".....#######+####
#... ###.##### #### #
##.. #... #...


You could see Sigmund (invisible).

Vanquished Creatures
  A worm (D:2)
  2 giant geckos (D:1)
  An ooze (D:1)
  3 bats
  3 goblins (D:1)
  4 hobgoblins
  4 jackals (D:2)
  3 kobolds
  2 ball pythons (D:2)
  A giant newt (D:1)
  3 rats
27 creatures vanquished.

Notes
Turn   | Place    | Note
--------------------------------------------------------------
     0 | D:1      | Malachi, the Vampire Assassin, began the quest for the Orb.
     0 | D:1      | Reached XP level 1. HP: 15/15 MP: 1/1
   331 | D:1      | Reached skill level 6 in Stealth
   697 | D:1      | Reached XP level 2. HP: 14/21 MP: 2/2
  1437 | D:2      | Reached XP level 3. HP: 22/26 MP: 3/3
  1820 | D:2      | Noticed Sigmund
  1842 | D:2      | Slain by Sigmund

Action                   || total
-------------------------++-------
Melee: Dagger            ||    97
 Fire: Blowgun           ||     4
  Use: Scroll            ||     4
 Stab: Sleeping          ||     4
